 Dungeon Crawl Stone Soup version 0.22.1-2-g9c5b331 (webtiles) character file.

73 torvon the Skirmisher (level 4, 0/38 HPs)
             Began as a Demonspawn Abyssal Knight on Dec 25, 2018.
             Was a Follower of Lugonu.
             Slain by Purgy (3 damage)
             ... on level 3 of the Dungeon.
             The game lasted 00:08:34 (2082 turns).

torvon the Skirmisher (Demonspawn Abyssal Knight)   Turns: 2082, Time: 00:08:35

Health: 0/38       AC:  7    Str: 13    XL:     4   Next: 8%
Magic:  6/6        EV:  9    Int: 13    God:    Lugonu [*.....]
Gold:   177        SH:  0    Dex: 13    Spells: 3/3 levels left

rFire    . . .     SeeInvis .   a - +1 mace
rCold    . . .     Gourm    .   (no shield)
rNeg     . . .     Faith    .   e - +0 scale mail
rPois    .         Spirit   .   w - +0 helmet (curse)
rElec    .         Reflect  .   (no cloak)
rCorr    .         Harm     .   (no gloves)
MR       +....                  (no boots)
Stlth    ..........             (no amulet)
HPRegen  0.12/turn              q - ring of protection from magic
MPRegen  0.10/turn              (no ring)

@: no status effects
A: hooves 1, spiny 1
a: Depart the Abyss, Renounce Religion


You were on level 3 of the Dungeon.
You worshipped Lugonu.
Lugonu was aware of your devotion.
You were not hungry.

You visited 1 branch of the dungeon, and saw 3 of its levels.
You visited the Abyss 1 time.

You collected 177 gold pieces.

Inventory:

Hand Weapons
 a - a +1 mace (weapon)
 g - a +0 dagger
 C - a +0 blowgun
Missiles
 d - 62 arrows
 k - 21 poisoned needles (quivered)
 m - 62 bolts
Armour
 b - a +0 leather armour
 e - a +0 scale mail (worn)
 h - a +0 scale mail
 j - a +0 helmet
 n - a +0 leather armour
 r - a +0 ring mail
 u - a cursed +0 robe
 w - a cursed +0 helmet (worn)
Jewellery
 q - a ring of protection from magic (left hand)
Scrolls
 f - 4 scrolls of identify
 o - 4 scrolls of enchant armour
 p - a scroll of amnesia {unknown}
 x - a scroll of blinking {unknown}
 y - a scroll of random uselessness {unknown}
 D - a scroll of magic mapping {unknown}
Potions
 l - a potion of degeneration {unknown}
 s - a potion of heal wounds
 t - a potion of cancellation {unknown}
 v - a potion of mutation {unknown}
 z - a potion of flight {unknown}
 A - a potion of magic {unknown}
 B - a potion of curing {unknown}
 E - a potion of brilliance {unknown}
Comestibles
 c - 2 rations


   Skills:
 + Level 4.4 Fighting
 + Level 2.0 Maces & Flails
 + Level 1.8 Armour
 + Level 1.2 Dodging
 + Level 3.2 Invocations


You had 3 spell levels left.
You didn't know any spells.
Your spell library was empty.

Dungeon Overview and Level Annotations

Branches:
Dungeon (3/15)

Altars:
Fedhas

Annotations:
D:3 Purgy


Innate Abilities, Weirdness & Mutations

You have large cloven feet.
You are partially covered in sharp spines.


Message History

Purgy claws you. Purgy bites you. Purgy claws you.
* * * LOW HITPOINT WARNING * * *
Purgy claws you.
* * * LOW HITPOINT WARNING * * *
As you read the scroll of immolation, it crumbles to dust.
The creatures around you are filled with an inner flame!
Purgy bites you.
* * * LOW HITPOINT WARNING * * *
Purgy claws you but does no damage. Purgy closely misses you.
Your scale mail prevents you from hitting Purgy.
You kick Purgy.
Purgy is severely wounded.
Purgy bites you but does no damage. Purgy barely misses you.
Purgy closely misses you.
You hit Purgy.
Purgy is severely wounded.
Purgy bites you but does no damage. Purgy claws you.
* * * LOW HITPOINT WARNING * * *
Purgy claws you.
You die...

### ###
...#####.#########.#
###.#
.......T@..........#
...#
#...#####..#######.##
#.#.###. .....# #.#
#.# .#.. ####..# #.#
#.# #..#
#####..#######.# #.#
#..# #....>...†.....#
..# #..#
#.###..######### ..#
#..### #.#.....#
..###....###.#.###.#


You could see Purgy (inner flame).

Vanquished Creatures
  3 gnolls (D:3)
  An adder (D:2)
  A leopard gecko (D:1)
  An orc (D:3)
  A bat (D:1)
  2 giant cockroaches
  2 goblins
  3 hobgoblins
  5 jackals
  A quokka (D:3)
  A ball python (D:1)
  2 frilled lizards (D:2)
  4 kobolds
  7 rats
34 creatures vanquished.

Notes
Turn   | Place    | Note
-------+----------+-------------------------------------------
     0 | Abyss:1  | torvon the Demonspawn Abyssal Knight began the quest for
                  | the Orb.
     0 | Abyss:1  | Reached XP level 1. HP: 18/18 MP: 2/2
    54 | Abyss:2  | Noticed a flying skull
    72 | Abyss:2  | Noticed a large abomination
    73 | Abyss:2  | Noticed a large abomination
    76 | D:1      | Escaped the Abyss
   105 | D:1      | Reached * piety under Lugonu
   492 | D:1      | Gained mutation: You are partially covered in sharp spines.
                  | [demonic ancestry]
   492 | D:1      | Reached XP level 2. HP: 23/24 MP: 3/3
  1111 | D:2      | Gained mutation: You have large cloven feet. [demonic
                  | ancestry]
  1111 | D:2      | Reached XP level 3. HP: 30/30 MP: 5/5
  1255 | D:2      | Reached skill level 4 in Fighting
  1406 | D:2      | Found a blossoming altar of Fedhas.
  1514 | D:3      | Reached skill level 1 in Dodging
  1658 | D:3      | Reached XP level 4. HP: 8/38 MP: 6/6
  2061 | D:3      | Noticed Purgy
  2082 | D:3      | Slain by Purgy

Skill      XL: |  1  2  3 |
---------------+----------+-----
Maces & Flails | 2 |  2.0
Fighting       | 4 |  4.4
Dodging        | 1 |  1.2
Invocations    | 3 |  3.2
Armour         | |  1.8

Action                   |  1- 3 |  4- 6 || total
-------------------------+-------+-------++-------
Melee: Mace              |    70 |    17 ||    87
       Kick              |     6 |     4 ||    10
Invok: Depart the Abyss  |     1 |       ||     1
  Use: Scroll            |     1 |     2 ||     3
       Potion            |     1 |       ||     1
  Eat: Ration            |     1 |       ||     1
Armor: Scale mail        |    31 |    33 ||    64
       Leather armour    |     5 |       ||     5
Dodge: Dodged            |    42 |    16 ||    58
